 Dungeon Crawl Stone Soup version 0.19-a0-1065-gdac414d (webtiles) character file.

5756 aronpayne the Fighter (level 10, 0/99 HPs)
             Began as a Minotaur Berserker on Aug 2, 2016.
             Was a High Priest of Trog.
             Slain by a boulder beetle (35 damage)
             ... on level 9 of the Dungeon on Aug 3, 2016.
             The game lasted 00:32:08 (7613 turns).

aronpayne the Fighter (Minotaur Berserker)          Turns: 7613, Time: 00:32:09

Health: 0/99       AC: 16    Str: 23    XL:     10   Next: 49%
Magic:  9/9        EV: 10    Int:  4    God:    Trog [*****.]
Gold:   736        SH:  0    Dex: 12    Spells: 0 memorised, 9 levels left

rFire  . . .     SeeInvis .     F - +1 flail (holy)
rCold  + . .     Gourm    .     j - +0 plate armour
rNeg   . . .     Faith    .     (no shield)
rPois  .         Spirit   .     (helmet restricted)
rElec  .         Dismiss  .     (no cloak)
rCorr  .         Reflect  .     B - +0 pair of gloves
SustAt .         Harm     .     n - +0 pair of boots
MR     .....                    (no amulet)
Stlth  ..........               p - ring of protection from cold
                                k - +4 ring of slaying

@:
A: retaliatory headbutt, horns 2
a: Berserk, Trog's Hand, Brothers in Arms, Burn Spellbooks, Renounce Religion


You were on level 9 of the Dungeon.
You worshipped Trog.
Trog was extremely pleased with you.
You were not hungry.

You visited 1 branch of the dungeon, and saw 9 of its levels.

You collected 736 gold pieces.

Inventory:

Hand Weapons
 a - a +1 mace
 h - a +3 hand crossbow of freezing
 F - a +1 flail of holy wrath (weapon)
Armour
 i - a +0 chain mail of fire resistance
 j - a +0 plate armour (worn)
 n - a +0 pair of boots (worn)
 B - a +0 pair of gloves (worn)
Jewellery
 k - a +4 ring of slaying (left hand)
 p - a ring of protection from cold (right hand)
 x - an uncursed ring of protection from cold
Wands
 q - a wand of flame (23/48)
 t - a wand of heal wounds (4/9)
 u - a wand of flame (34/48)
 y - a wand of enslavement (9/24)
 G - a wand of paralysis (14/24)
Scrolls
 b - a scroll of recharging
 d - a scroll of magic mapping
 l - 2 scrolls of enchant weapon
 m - 5 scrolls of enchant armour
 o - 3 scrolls of teleportation
 v - a scroll of identify
 D - 2 scrolls of remove curse
 E - a scroll of fog {unknown}
Potions
 e - a potion of invisibility {unknown}
 r - a potion of magic
 s - 2 potions of experience {unknown}
 w - a potion of lignification {unknown}
 z - a potion of resistance {unknown}
 A - a potion of berserk rage {unknown}
 C - a potion of might {unknown}
Comestibles
 c - 5 bread rations
 f - 5 meat rations
 g - 8 chunks of flesh


   Skills:
 * Level 12.3 Fighting
 + Level 9.1 Maces & Flails
 + Level 8.9 Armour
 + Level 7.9 Dodging


You had 9 spell levels left.
You didn't know any spells.

Dungeon Overview and Level Annotations

Branches:
Dungeon (9/15)             Temple (0/1) D:7            Lair (0/6) D:9
    Orc (0/2) D:9

Altars:
Dithmenos
Fedhas
Hepliaklqana
Makhleb
Okawaru
Pakellas
Qazlal
Ru
Sif Muna
Trog
Xom
Yredelemnul
Zin


Innate Abilities, Weirdness & Mutations

You reflexively headbutt those who attack you in melee.
You have a pair of horns on your head.


Message History

The boulder beetle stops rolling.
The boulder beetle bites you!!
You hit the boulder beetle but do no damage.
You headbutt the boulder beetle!
The boulder beetle is lightly wounded.
You hit the boulder beetle but do no damage.
You headbutt the boulder beetle!
The boulder beetle is moderately wounded.
The boulder beetle bites you!!
Your plate armour prevents you from hitting the boulder beetle.
You headbutt the boulder beetle, but do no damage.
The boulder beetle is moderately wounded.
You hit the boulder beetle.
You headbutt the boulder beetle, but do no damage.
The boulder beetle is moderately wounded.
The boulder beetle bites you!
You hit the boulder beetle.
The boulder beetle is moderately wounded.
The boulder beetle bites you!!
You die...

......## #######.#.....#
.....## #.......#.....#
#. .....# #.#######.....#
#.# .....###
#..........#### #.#
.)..((.### ######.....#
#.#
....##)))##########....#
####.#
.##..###)))............#
#.....
......##############...##
#..... .###...#
#.....@B......# #..... ##
##..####.########..#.##
#..... # ##....#
#........##..###.....
####.#
#####..#####..##).... #.#
#<.# ####...).... #.#####
#..###.....#..... # ###
#.....# #..##..###.#.....
# ##.# #.##.##
#..........###### ####..#
###### ##.#.#####.......


You could see a boulder beetle.

Vanquished Creatures
  The ghost of Situis the Cleaver, a novice MiFi of Okawaru (D:9)
  The ghost of Gagarin the Sneak, a novice OpFE (D:5)
  An efreet (D:9)
  A two-headed ogre (D:8)
  5 yaks (D:9)
  A hippogriff (D:4)
  A hungry ghost (D:9)
  2 ice beasts
  A sky beast (D:5)
  4 orc warriors (D:9)
  4 ogres
  2 phantoms
  A centaur (D:5)
  A crocodile (D:9)
  6 giant frogs
  4 scorpions
  3 wights (D:7)
  3 crimson imps (D:6)
  3 jellies
  A centaur zombie (D:8)
  A giant frog skeleton (D:8)
  5 hounds
  An iguana (D:9)
  3 orc priests
  9 orc wizards
  Natasha (thrice) (D:4)
  8 worker ants
  A killer bee zombie (D:7)
  2 hound skeletons
  A worker ant zombie (D:9)
  A howler monkey skeleton (D:4)
  12 adders
  8 gnolls
  2 river rats (D:9)
  An ooze (D:4)
  2 adder zombies
  An adder skeleton (D:5)
  3 worms
  A dart slug (D:3)
  5 giant geckos
  57 orcs
  A ball python (D:3)
  7 giant cockroaches
  11 goblins
  8 hobgoblins
  7 jackals
  4 quokkas
  11 bats
  7 giant newts
  5 kobolds
  A quokka skeleton (D:4)
  28 rats
  A bush (D:4)
264 creatures vanquished.

Vanquished Creatures (others)
  3 fungi (D:9)
3 creatures vanquished.

Grand Total: 267 creatures vanquished

Notes
Turn   | Place    | Note
-------+----------+-------------------------------------------
     0 | D:1      | aronpayne the Minotaur Berserker began the quest for the Orb.
     0 | D:1      | Reached XP level 1. HP: 19/19 MP: 0/0
   224 | D:1      | Reached skill level 4 in Fighting
   246 | D:1      | Reached XP level 2. HP: 26/27 MP: 1/1
   760 | D:2      | Reached ** piety under Trog
   777 | D:2      | Reached XP level 3. HP: 33/34 MP: 2/2
   788 | D:2      | Reached skill level 5 in Fighting
   788 | D:2      | Reached XP level 4. HP: 33/42 MP: 3/3
  1105 | D:2      | Found a sacrificial altar of Ru.
  1105 | D:2      | Found a shadowy altar of Dithmenos.
  1111 | D:2      | Found a blossoming altar of Fedhas.
  1114 | D:2      | Found a deep blue altar of Sif Muna.
  1757 | D:3      | Noticed a phantom
  1794 | D:3      | Killed a phantom
  1794 | D:3      | Reached XP level 5. HP: 23/50 MP: 4/4
  2070 | D:3      | Reached skill level 6 in Fighting
  2122 | D:3      | Reached *** piety under Trog
  2150 | D:3      | Reached skill level 5 in Maces & Flails
  2304 | D:3      | Upgraded the game from 0.19-a0-1057-g15bb84d to 0.19-a0-1065-gdac414d
  2483 | D:3      | Reached XP level 6. HP: 57/57 MP: 5/5
  2580 | D:3      | Noticed a moth of wrath
  2583 | D:3      | Found a bloodstained altar of Trog.
  2763 | D:3      | Found an iron altar of Okawaru.
  3288 | D:4      | Found a basalt altar of Yredelemnul.
  3288 | D:4      | Found a shimmering altar of Xom.
  3345 | D:4      | Noticed Natasha
  3352 | D:4      | Killed Natasha
  3459 | D:4      | Noticed Natasha
  3464 | D:4      | Reached XP level 7. HP: 64/64 MP: 6/6
  3476 | D:4      | Killed Natasha
  3476 | D:4      | Reached skill level 7 in Fighting
  3513 | D:4      | Noticed a hippogriff
  3516 | D:4      | Reached **** piety under Trog
  3530 | D:4      | Killed a hippogriff
  3870 | D:4      | Found an oddly glowing altar of Pakellas.
  4087 | D:4      | Noticed Natasha
  4136 | D:4      | Killed Natasha
  4155 | D:5      | Entered Level 5 of the Dungeon
  4200 | D:5      | Reached skill level 5 in Armour
  4373 | D:5      | Reached skill level 8 in Fighting
  4393 | D:5      | Reached XP level 8. HP: 74/74 MP: 7/7
  4417 | D:5      | Reached skill level 5 in Dodging
  4457 | D:5      | Noticed Gagarin's ghost (novice OpFE)
  4470 | D:5      | Killed Gagarin's ghost
  4472 | D:5      | Reached skill level 9 in Fighting
  4890 | D:6      | Got a smoking scale mail
  4901 | D:6      | Identified the cursed +1 scale mail "Hoeruafi" {Int+2} (You found it on level 6 of the Dungeon)
  4930 | D:6      | Found a stormy altar of Qazlal.
  4931 | D:6      | Noticed an air elemental
  5311 | D:6      | Found a burning altar of Makhleb.
  5313 | D:6      | Found a glowing silver altar of Zin.
  5313 | D:6      | Noticed an angel
  5313 | D:6      | Noticed a green death
  5416 | D:7      | Reached XP level 9. HP: 57/85 MP: 8/8
  5429 | D:7      | Reached skill level 10 in Fighting
  5610 | D:7      | Found a hazy altar of Hepliaklqana.
  5633 | D:7      | Found a staircase to the Ecumenical Temple.
  6512 | D:9      | Noticed Situis's ghost (novice MiFi)
  6541 | D:9      | Killed Situis's ghost
  6541 | D:9      | Reached skill level 11 in Fighting
  6594 | D:9      | Noticed an efreet
  6605 | D:9      | Killed an efreet
  6605 | D:9      | Reached XP level 10. HP: 60/96 MP: 9/9
  6651 | D:9      | Reached ***** piety under Trog
  6899 | D:9      | Found a staircase to the Lair.
  7026 | D:9      | Received a gift from Trog
  7265 | D:9      | Found a staircase to the Orcish Mines.
  7290 | D:9      | Reached skill level 12 in Fighting
  7613 | D:9      | Slain by a boulder beetle

Vault maps used:
D:1:      mrwooster_arrival_statue_2
D:2:      minitemple, hex_large, cheibrodos_gnoll_hut
D:3:      nicolae_overflow_crystal_walls, tgw_trog
D:4:      gammafunk_temple_overflow_wave, grunt_pakellas_sulfur,
          minmay_hedge_maze, uniq_natasha
D:5:      first_bread, minmay_misc_feat_secret_circle, small_statue_alley_b
D:6:      grunt_temple_overflow_order_and_chaos_2, kennysheep_another_room,
          minmay_statues_item, hangedman_decor_growths,
          nicolae_qazlal_style_of_elements
D:7:      lemuel_doored_altar
D:9:      boulder_indie, grunt_lair_entry_orc_guard_hut, hiddenorc2_lemuel,
          enter_bailey_3

Skill      XL: |  1  2  3  4  5  6  7  8  9 10 |
---------------+-------------------------------+-----
Fighting       | 4 5 6 8 9 11 12 | 12.3
Maces & Flails | 4 5 6 7 8 9 |  9.1
Armour         | 3 4 5 6 8 |  8.9
Dodging        | 3 4 5 7 |  7.9

Action                   |  1- 3 |  4- 6 |  7- 9 | 10-12 || total
-------------------------+-------+-------+-------+-------++-------
Melee: Mace              |    36 |   216 |   258 |   161 ||   671
       Headbutt          |     5 |    46 |    59 |    39 ||   149
       Flail             |       |       |       |    37 ||    37
Invok: Berserk           |       |     2 |     3 |     1 ||     6
       Trog's Hand       |       |     1 |     3 |     1 ||     5
       Burn Spellbooks   |       |       |     1 |       ||     1
  Use: Scroll            |     3 |     4 |     7 |     1 ||    15
       Potion            |       |       |     4 |     1 ||     5
  Eat: Chunk             |       |    11 |     8 |     7 ||    26
       Royal jelly       |       |       |     1 |       ||     1
       Beef jerky        |       |       |     2 |       ||     2
Armor: Ring mail         |     9 |     3 |       |       ||    12
       Chain mail        |       |    21 |       |       ||    21
       Plate armour      |       |    84 |   166 |    91 ||   341
Dodge: Dodged            |    29 |    67 |   147 |    92 ||   335
